AoeStats
← Solboss

Nomad

509193101Analyzed
3v3 RM · 6d ago on Sep 25, 2026· 67m 35s· 6 players
Game mode
Random Map
Map size
210×210
Population
200
Speed
Normal
Resources
Standard
Victory
Conquest
Starting age
Dark Age
Ending age
Imperial Age
RankedLock teamsTeams togetherTeam positionsShared explorationLock speedFull tech treeHidden civsTurbo modeCheats
Victory
Defeat
🇮🇹 Italians · Italy
1039
+13
🇮🇹 Huns · Italy
983
+15
🇮🇹 Franks · Italy
957
+16
🇬🇧 Berbers · United Kingdom
972
-15
🇬🇧 Malay · United Kingdom
963
-15
🇪🇸 Aztecs · Spain
942
-14
Kingzzman
6:38 Loom
19:35 Feudal Age
22:44 Wheelbarrow
25:54 Castle Age
24:15 Double-Bit Axe
31:39 Forging
35:49 Crossbowman
38:02 Horse Collar
41:26 Fletching
41:36 Padded Archer Armor
42:14 Iron Casting
42:24 Thumb Ring
45:31 Elite Skirmisher
62:40 Imperial Age
64:47 Imperial Age
62:52 Hand Cart
Solboss
5:10 Loom
15:03 Feudal Age
16:54 Fletching
17:05 Padded Archer Armor
22:01 Castle Age
20:10 Scale Barding Armor
20:16 Forging
21:49 Bloodlines
30:27 Husbandry
31:42 Bodkin Arrow
32:53 Wheelbarrow
34:03 Gold Mining
36:20 Double-Bit Axe
38:41 Chain Barding Armor
38:36 Leather Archer Armor
39:37 Elite Skirmisher
39:43 Elite Skirmisher
43:09 Imperial Age
42:07 Iron Casting
43:49 Cavalier
50:30 Bracer
51:01 Ring Archer Armor
64:30 Ballistics
65:23 Chemistry
65:11 Maghrebi Camels
65:31 Conscription
jj.moreno.minas
13:59 Feudal Age
14:30 Double-Bit Axe
17:42 Fishing Lines
20:08 Castle Age
21:35 Gillnets
22:33 Stone Mining
23:50 Loom
24:31 Squires
24:17 Arson
24:47 Forging
24:38 Scale Mail Armor
26:02 Gold Mining
26:14 Fletching
30:20 Imperial Age
28:47 Iron Casting
28:39 Chain Mail Armor
28:33 Pikeman
38:09 Wheelbarrow
56:20 Block Printing
56:26 Sanctity
56:17 Fervor
56:18 Redemption
58:10 Eagle Warrior
59:33 Horse Collar
62:25 Hand Cart
63:28 Elite Eagle Warrior
65:22 Blast Furnace
67:48 Plate Mail Armor
Conquistatoooore
6:39 Loom
15:09 Feudal Age
27:04 Castle Age
63:11 Imperial Age
64:31 Cavalier
66:14 Husbandry
Cunctator
10:55 Loom
14:57 Feudal Age
15:19 Fishing Lines
15:37 Double-Bit Axe
19:41 Castle Age
17:55 Fletching
18:31 Scale Barding Armor
19:28 Town Watch
20:24 Crossbowman
22:09 Wheelbarrow
23:20 Stone Mining
23:53 Gold Mining
24:01 Bodkin Arrow
32:02 Ballistics
31:35 Horse Collar
34:37 Imperial Age
32:14 Padded Archer Armor
32:15 Scale Mail Armor
33:20 Leather Archer Armor
33:26 Chain Barding Armor
33:19 Forging
33:50 Bow Saw
34:55 Chain Mail Armor
36:23 Chemistry
35:35 Masonry
35:48 Conscription
35:45 Heavy Plow
35:51 Squires
35:36 Arson
36:40 Thumb Ring
38:00 Light Cavalry
39:55 Bloodlines
39:46 Husbandry
39:07 Hussar
40:56 Arbalester
42:14 Chain Barding Armor
43:49 Iron Casting
46:34 Bracer
50:15 Hand Cart
50:53 Cavalier
51:39 Gillnets
53:04 Elite Genoese Crossbowman
53:07 Man-at-Arms
56:52 Plate Mail Armor
56:57 Plate Barding Armor
56:54 Ring Archer Armor
57:24 Blast Furnace
60:27 Crop Rotation
Fil
4:23 Loom
13:19 Feudal Age
22:49 Horse Collar
26:01 Castle Age
25:43 Wheelbarrow
25:36 Fletching
30:20 Husbandry
35:37 Heavy Plow
36:00 Bloodlines
36:01 Scale Barding Armor
36:07 Forging
43:31 Imperial Age
43:51 Imperial Age
55:32 Cavalier
Connection lost

Rejoining the realm…

Still unreachable

The connection could not be restored.

Session expired

The server has moved on; the page needs a fresh start.